cohdb
Replays
Latest Replays
All Replays
Popular Replays
Top Player Replays
Match Explorer
How It Works
Community
CoH3 Stats
Reddit
Sign in to upload your games and track your stats! →
Sign in with Steam
Match 47389880
Unlisted
Match 47389880
Overview
Messages
Build Orders
End
Selects Luftwaffe Battlegroup
Selects Luftwaffe Pioneer Support
Fallschirmpioneer Squad Paradrop
Construct Infanterie Kompanie
Grenadier Squad
Grenadier Squad
Infanterie Officer Quarters
Grenadier Squad
Selects Flak 38 Anti-Air Emplacement
Construct Panzergrenadier Kompanie
Selects Stuka Strafing Run
nub
Oziligath
RtN.momo4sho
Havoc
0
0
Comments
sign in to comment!
No comments posted yet!